 Seeded DCSS version 0.30.1-4-g462c640d31 (webtiles) character file.

Game seed: 1488530604685760082 (custom seed)

4 CarvArkoylaein the Trooper (level 1, 15/20 HPs)
             Began as a Hill Orc Fighter on Sept 2, 2023.
             Was a Follower of Nemelex Xobeh.
             Quit the game on level 1 of the Dungeon.
             The game lasted 00:02:37 (52 turns).

CarvArkoylaein the Trooper (Hill Orc Fighter)         Turns: 52, Time: 00:02:37

Health: 15/20      AC:  6    Str: 18    XL:     1   Next: 60%
Magic:  1/1        EV:  9    Int:  8    God:    Nemelex Xobeh [*.....]
Gold:   0          SH:  4    Dex: 10    Spells: 0/0 levels left

rFire   . . .        a - +0 war axe
rCold   . . .        c - +0 buckler
rNeg    . . .        b - +0 scale mail
rPois   .            (no helmet)
rElec   .            (no cloak)
rCorr   .            (no gloves)
SInv    .            (no boots)
Will    .....        (no amulet) Stlth
                     (no ring)
HPRegen 0.23/turn    (no ring)
MPRegen 0.07/turn

%: no passive effects
@: no status effects
A: no striking features
a: Renounce Religion, Draw Escape, Draw Destruction, Draw Summoning


You were on level 1 of the Dungeon.
You worshipped Nemelex Xobeh.
Nemelex Xobeh was aware of your devotion.
You visited 1 branch of the dungeon, and saw 1 of its levels.

Inventory:

Hand Weapons
 a - a +0 war axe (weapon)
Armour
 b - a +0 scale mail (worn)
 c - a +0 buckler (worn)
Potions
 d - a potion of might


   Skills:
 + Level 3.7 Fighting
 + Level 2.7 Axes
 + Level 3.3 Armour
 + Level 3.3 Shields


You couldn't memorise any spells.
You didn't know any spells.
Your spell library was empty.

Dungeon Overview and Level Annotations

Branches:
Dungeon (1/15)

Altars:
Nemelex Xobeh


Message History

The giant cockroach barely misses you. You block the giant cockroach's attack.
You closely miss the giant cockroach.
The giant cockroach is lightly wounded.
The giant cockroach completely misses you.
You completely miss the giant cockroach.
The giant cockroach is lightly wounded.
The giant cockroach bites you but does no damage. x2
The quokka closely misses you.
You barely miss the quokka. You hit the giant cockroach.
The giant cockroach bites you but does no damage.
You block the quokka's attack.
The giant cockroach bites you but does no damage.
You block the quokka's attack.
You hit the giant cockroach.
You kill the giant cockroach!
You barely miss the quokka. The quokka closely misses you.
You closely miss the quokka. The quokka barely misses you.
The quokka bites you.
You closely miss the quokka. The quokka barely misses you.
The quokka bites you but does no damage.
You barely miss the quokka. You block the quokka's attack.
You closely miss the quokka. The quokka bites you.
The quokka bites you but does no damage.
You closely miss the quokka. The quokka closely misses you.
The quokka bites you.
You barely miss the quokka. The quokka bites you. The quokka barely misses you.
You miss the quokka.
The quokka bites you but does no damage.
You hit the quokka but do no damage.
The quokka bites you but does no damage.
The quokka barely misses you.
You hit the quokka.
The quokka is severely wounded.
The quokka completely misses you. The quokka bites you.
You barely miss the quokka.
The quokka is severely wounded.
The quokka barely misses you.
You slash the quokka!
You kill the quokka!
Are you sure you want to abandon this character and quit the game? (Confirm with "yes".)

####............#
#...∩.._..∩..8#
#.............#
#.............#
#∩.....♣..∩..∩#
#.............#
#....†........#
##♣..∩..∩.....∩#
#......@.......#
#..............######
#....♣.....♣..∩......
#....................
#..............######
#.♣.....∩......#
#..........#####
########..# #..


There were no monsters in sight!

Vanquished Creatures
  A giant cockroach (D:1)
  A hobgoblin (D:1)
  A quokka (D:1)
3 creatures vanquished.

Notes
Turn   | Place    | Note
-------+----------+-------------------------------------------
     0 | D:1      | CarvArkoylaein the Hill Orc Fighter began the quest for the
                  | Orb.
     0 | D:1      | Reached XP level 1. HP: 19/19 MP: 1/1
    10 | D:1      | Found a faded altar of an unknown god.
    24 | D:1      | Prayed at the altar of an unknown god.
    24 | D:1      | Became a worshipper of Nemelex Xobeh the Trickster
    24 | D:1      | Reached * piety under Nemelex Xobeh
    24 | D:1      | Received a gift from Nemelex Xobeh
    52 | D:1      | Quit the game

Illustrated notes

Levels and vault maps discovered:
D:1:      nzn_arrival_settlement, layout_loops_ring, serial_shops, shop,
          hellmonk_ecumenical_altar_arch_garden, minmay_tetromino_t4

Action                     || total
---------------------------++-------
  Melee: War axe           ||    22
    Use: Scroll            ||     1
 Armour: Scale mail        ||    10
  Dodge: Dodged            ||    13
  Block: Buckler           ||     7
